 Dungeon Crawl Stone Soup version 0.23-a0-494-g91793a9 (webtiles) character file.

7921 Leeroy the Magician (level 11, -10/84 HPs)
             Began as a Gnoll Skald on Dec 2, 2018.
             Was an Elder of Wu Jian.
             Mangled by a red ugly thing (19 damage)
             ... on level 11 of the Dungeon on Dec 3, 2018.
             The game lasted 01:54:06 (8680 turns).

Leeroy the Magician (Gnoll Skald)                   Turns: 8680, Time: 01:54:07

Health: -10/84     AC:  9    Str: 16    XL:     11   Next: 22%
Magic:  22/22      EV: 16    Int: 22    God:    Wu Jian [****..]
Gold:   97         SH:  0    Dex: 14    Spells: 4/25 levels left

rFire    . . .     SeeInvis .   I - +0 rapier of Distraction {pierce, *Drain +Fly rElec Int+5}
rCold    . . .     Gourm    .   (no shield)
rNeg     . . .     Faith    .   e - +0 troll leather armour
rPois    .         Spirit   .   r - +0 helmet
rElec    +         Reflect  .   u - +0 cloak
rCorr    .         Harm     .   A - +0 pair of gloves
MR       .....                  (no boots)
Stlth    +++.......             x - amulet of regeneration
HPRegen  1.04/turn              (no ring)
MPRegen  0.18/turn              (no ring)

@: no status effects
A: distributed training, fangs 1, strong nose
a: Wall Jump, Serpent's Lash, Renounce Religion, Evoke Flight


You were on level 11 of the Dungeon.
You worshipped Wu Jian.
Wu Jian was greatly pleased with you.
You were hungry.

You visited 2 branches of the dungeon, and saw 12 of its levels.

You collected 559 gold pieces.
You spent 462 gold pieces at shops.

Inventory:

Hand Weapons
 a - a +1 great sword of slicing
 m - a +0 rapier
 p - a +1 hand axe of electrocution
 s - a +0 shortbow
 v - a +2 mace of draining
 y - a +2 dagger of draining
 z - a +0 hunting sling
 G - a +0 glaive
 I - the +0 rapier of Distraction (weapon) {pierce, *Drain +Fly rElec Int+5}
   (You bought it in a shop on level 10 of the Dungeon)

   It inflicts extra damage upon your enemies.
   It affects your intelligence (+5).
   It insulates you from electricity.
   It lets you fly.
   It causes draining when unequipped.
 K - a +4 quarterstaff of chaos
 L - a +0 long sword
 O - a cursed +0 hunting sling
 Q - a +0 scimitar
Missiles
 h - 25 bolts
 i - 92 arrows
 l - 309 stones
 D - 15 poisoned needles
 H - a silver tomahawk (quivered)
 R - 95 sling bullets
 S - 11 tomahawks
Armour
 b - a +0 leather armour
 e - a +0 troll leather armour (worn)
 r - a +0 helmet (worn)
 t - a +1 leather armour of cold resistance
 u - a +0 cloak (worn)
 w - a +4 plate armour
 A - a +0 pair of gloves (worn)
 W - +0 acid dragon scales
Jewellery
 x - an amulet of regeneration (around neck)
 M - a cursed ring of teleportation {unknown}
Wands
 f - a wand of enslavement (8)
 g - a wand of iceblast (11)
 J - a wand of flame (18)
 T - a wand of acid (4)
 V - a wand of paralysis (10)
 Z - a wand of random effects (39)
Scrolls
 c - 10 scrolls of remove curse
 n - 8 scrolls of teleportation {unknown}
 o - a scroll of amnesia {unknown}
 q - 3 scrolls of fog
 C - 3 scrolls of identify
 E - a scroll of noise {unknown}
 F - a scroll of magic mapping {unknown}
 P - a scroll of enchant armour {unknown}
 Y - a scroll of torment {unknown}
Potions
 k - 2 potions of cancellation
 U - 2 potions of flight
 X - 2 potions of lignification
Miscellaneous
 j - a lamp of fire
Comestibles
 d - 11 rations
 B - 6 chunks of flesh


   Skills:
 + Level 7.6 Fighting
 + Level 6.0 Short Blades
 + Level 7.6 Long Blades
 + Level 6.0 Axes
 + Level 6.0 Maces & Flails
 + Level 6.0 Polearms
 + Level 6.0 Staves
 + Level 6.0 Slings
 + Level 6.0 Bows
 + Level 6.0 Crossbows
 + Level 6.0 Throwing
 + Level 6.6 Armour
 + Level 7.6 Dodging
 + Level 6.0 Stealth
 + Level 6.0 Shields
 + Level 6.0 Unarmed Combat
 + Level 7.9 Spellcasting
 + Level 4.9 Conjurations
 + Level 4.9 Hexes
 + Level 7.5 Charms
 + Level 4.9 Summonings
 + Level 4.9 Necromancy
 + Level 4.9 Translocations
 + Level 4.9 Transmutations
 + Level 4.9 Fire Magic
 + Level 4.9 Ice Magic
 + Level 4.9 Air Magic
 + Level 4.9 Earth Magic
 + Level 4.9 Poison Magic
 + Level 6.5 Invocations
 + Level 6.0 Evocations


You had 4 spell levels left.
You knew the following spells:

 Your Spells              Type           Power        Failure   Level  Hunger
a - Infusion              Chrm           ####         1%          1    None
b - Song of Slaying       Chrm           #####...     1%          2    None
c - Shroud of Golubria    Chrm/Tloc      #####.....   1%          2    None
d - Regeneration          Chrm/Necr      #####.....   1%          3    None
e - Spectral Weapon       Hex/Chrm       #####...     1%          3    None
f - Bolt of Magma         Conj/Fire/Erth ####......   32%         5    #####..
g - Iskenderun's Battles  Conj/Chrm      #####...     19%         5    #####..

Your spell library contained the following spells:

 Spells                   Type           Power        Failure   Level  Hunger
 Venom Bolt               Conj/Pois      ####......   32%         5    #####..
 Iron Shot                Conj/Erth      ####......   87%         6    ######.
 Orb of Destruction       Conj           ####......   100%        7    #######
 Spellforged Servitor     Conj/Summ      ####......   100%        7    #######


Dungeon Overview and Level Annotations

Branches:
Dungeon (11/15)            Temple (1/1) D:5            Lair (0/6) D:11
    Orc: D:9-12

Altars:
Ashenzari
Cheibriados
Dithmenos
Elyvilon
Fedhas
Gozag
Hepliaklqana
Kikubaaqudgha
Makhleb
Nemelex Xobeh
Okawaru
Qazlal
Ru
Sif Muna
Trog
Uskayaw
Vehumet
Wu Jian
Xom
Yredelemnul
Zin
The Shining One

Shops:
D:9 [   D:10 (

Annotations:
D:10 Snorg
D:11 Gastronok


Innate Abilities, Weirdness & Mutations

Your experience applies equally to all skills.
You have very sharp teeth.
Your uncanny sense of smell can sniff out nearby items.


Message History

You hit the red ugly thing but do no damage.
The red ugly thing is lightly wounded.
The red ugly thing punches you.
You are engulfed in flames!!
You spin and attack the red ugly thing.
You closely miss the red ugly thing.
The red ugly thing is lightly wounded.
The red ugly thing barely misses you.
You hit the red ugly thing.
The red ugly thing is moderately wounded.
The red ugly thing barely misses you.
You spin and attack the red ugly thing.
You hit the red ugly thing.
The red ugly thing is moderately wounded.
The red ugly thing punches you!
You are engulfed in flames!
* * * LOW HITPOINT WARNING * * *
Okay, then.
You spin and attack the red ugly thing.
You hit the red ugly thing.
The red ugly thing is moderately wounded.
The red ugly thing punches you.
* * * LOW HITPOINT WARNING * * *
You are engulfed in flames!!
You die...

###########
#.........#
####.#######.#########
#.##.# #....@...>###..
.#.#.# #.....u........
###..# #.#######.###..
# ##.## #.# # ##.# #.#
# #.## #.# ###.# #.#
.#.# #o #.# ## #####


You could see a red ugly thing (pinned).

Vanquished Creatures
  A centaur warrior (D:10)
  Maurice (D:8)
  A komodo dragon (D:9)
  A troll (D:11)
  Prince Ribbit (D:7)
  4 slime creatures (D:10)
  A hippogriff (D:10)
  A shadow (D:11)
  6 yaks (D:11)
  2 wargs (D:11)
  A soldier ant (D:10)
  A water moccasin (D:4)
  4 sky beasts
  2 ice beasts (D:5)
  5 orc warriors
  2 ogres
  3 black bears
  3 phantoms
  2 centaurs (D:7)
  3 bullfrogs
  A scorpion (D:8)
  A water moccasin skeleton (D:11)
  3 howler monkeys (D:7)
  4 crimson imps
  4 hounds
  9 orc priests
  Crazy Yiuf (D:2)
  2 centaur skeletons
  9 orc wizards
  2 bullfrog skeletons
  An iguana (D:4)
  11 worker ants
  A hound skeleton (D:7)
  2 worker ant zombies (D:5)
  3 gnolls (D:6)
  18 adders
  4 shadow imps
  2 oozes
  An adder skeleton (D:9)
  3 worms
  A dart slug (D:1)
  4 leopard geckos
  33 orcs
  2 ball pythons
  5 giant cockroaches
  3 goblins
  5 hobgoblins
  20 jackals
  3 quokkas
  10 bats
  4 frilled lizards
  A giant cockroach zombie (D:5)
  5 kobolds
  A leopard gecko zombie (D:6)
  A quokka zombie (D:5)
  8 rats
  A plant (D:11)
234 creatures vanquished.

Vanquished Creatures (others)
  A sky beast (D:11)
  2 spectral weapons
3 creatures vanquished.

Grand Total: 237 creatures vanquished

Notes
Turn   | Place    | Note
-------+----------+-------------------------------------------
     0 | D:1      | Leeroy the Gnoll Skald began the quest for the Orb.
     0 | D:1      | Reached XP level 1. HP: 20/20 MP: 6/6
   193 | D:1      | Reached XP level 2. HP: 26/26 MP: 2/7
   419 | D:1      | Learned a level 2 spell: Song of Slaying
   422 | D:1      | Learned a level 2 spell: Shroud of Golubria
   454 | D:2      | Reached XP level 3. HP: 24/31 MP: 3/9
   498 | D:2      | Reached skill level 5 in Spellcasting
   570 | D:2      | Reached skill level 1 in Invocations
   627 | D:2      | Learned a level 3 spell: Regeneration
   631 | D:2      | Learned a level 3 spell: Spectral Weapon
   643 | D:2      | Found a stormy altar of Qazlal.
   734 | D:2      | Found a runed door.
   774 | D:2      | Reached skill level 1 in Short Blades
   774 | D:2      | Reached skill level 1 in Axes
   774 | D:2      | Reached skill level 1 in Maces & Flails
   774 | D:2      | Reached skill level 1 in Polearms
   774 | D:2      | Reached skill level 1 in Staves
   774 | D:2      | Reached skill level 1 in Slings
   774 | D:2      | Reached skill level 1 in Bows
   774 | D:2      | Reached skill level 1 in Crossbows
   774 | D:2      | Reached skill level 1 in Throwing
   774 | D:2      | Reached skill level 1 in Stealth
   774 | D:2      | Reached skill level 1 in Shields
   774 | D:2      | Reached skill level 1 in Unarmed Combat
   774 | D:2      | Reached skill level 1 in Evocations
   864 | D:2      | Noticed Crazy Yiuf
   875 | D:2      | Killed Crazy Yiuf
   875 | D:2      | Reached XP level 4. HP: 13/38 MP: 4/11
  1317 | D:2      | Found a snail-covered altar of Cheibriados.
  1671 | D:3      | Reached skill level 1 in Conjurations
  1671 | D:3      | Reached skill level 1 in Hexes
  1671 | D:3      | Reached skill level 1 in Summonings
  1671 | D:3      | Reached skill level 1 in Necromancy
  1671 | D:3      | Reached skill level 1 in Translocations
  1671 | D:3      | Reached skill level 1 in Transmutations
  1671 | D:3      | Reached skill level 1 in Fire Magic
  1671 | D:3      | Reached skill level 1 in Ice Magic
  1671 | D:3      | Reached skill level 1 in Air Magic
  1671 | D:3      | Reached skill level 1 in Earth Magic
  1671 | D:3      | Reached skill level 1 in Poison Magic
  1739 | D:3      | Reached XP level 5. HP: 35/43 MP: 8/12
  2168 | D:3      | Found an opulent altar of Gozag.
  2169 | D:3      | Found an ornate altar of the Wu Jian Council.
  2176 | D:3      | Became a worshipper of the Wu Jian Council
  2285 | D:4      | Noticed a phantom
  2328 | D:4      | Killed a phantom
  2375 | D:4      | Reached XP level 6. HP: 50/50 MP: 9/13
  2445 | D:4      | Noticed a water moccasin
  2474 | D:4      | Killed a water moccasin
  2474 | D:4      | Reached skill level 5 in Fighting
  2474 | D:4      | Reached skill level 5 in Long Blades
  2474 | D:4      | Reached skill level 5 in Dodging
  2801 | D:3      | Reached XP level 7. HP: 46/56 MP: 15/15
  2905 | D:5      | Entered Level 5 of the Dungeon
  2911 | D:5      | Found a staircase to the Ecumenical Temple.
  3211 | D:5      | Reached XP level 8. HP: 63/63 MP: 16/16
  3293 | D:5      | Found a burning altar of Makhleb.
  3307 | D:5      | Found a shimmering altar of Xom.
  3307 | D:5      | Found a deep blue altar of Sif Muna.
  3307 | D:5      | Found an iron altar of Okawaru.
  3371 | D:5      | Reached * piety under Wu Jian
  3600 | D:6      | Found a hide-covered altar of Uskayaw.
  4056 | Temple   | Entered the Ecumenical Temple
  4547 | D:6      | Reached XP level 9. HP: 60/69 MP: 18/18
  4774 | D:7      | Noticed Prince Ribbit
  4853 | D:7      | Killed Prince Ribbit
  4853 | D:7      | Reached skill level 5 in Armour
  4941 | D:7      | Reached ** piety under Wu Jian
  4998 | D:7      | Found a glowing silver altar of Zin.
  5605 | D:8      | Noticed Maurice
  5698 | D:8      | Reached skill level 5 in Invocations
  6158 | D:8      | Killed Maurice
  6158 | D:8      | Reached XP level 10. HP: 75/77 MP: 20/20
  6300 | D:9      | Reached *** piety under Wu Jian
  6364 | D:9      | Learned a level 5 spell: Bolt of Magma
  6370 | D:9      | Learned a level 5 spell: Iskenderun's Battlesphere
  6421 | D:9      | Found a shattered altar of Ashenzari.
  6447 | D:9      | Found Efroh Jirra's Antique Armour Boutique.
  6579 | D:9      | Reached skill level 5 in Short Blades
  6579 | D:9      | Reached skill level 5 in Axes
  6579 | D:9      | Reached skill level 5 in Maces & Flails
  6579 | D:9      | Reached skill level 5 in Polearms
  6579 | D:9      | Reached skill level 5 in Staves
  6579 | D:9      | Reached skill level 5 in Slings
  6579 | D:9      | Reached skill level 5 in Bows
  6579 | D:9      | Reached skill level 5 in Crossbows
  6579 | D:9      | Reached skill level 5 in Throwing
  6579 | D:9      | Reached skill level 5 in Stealth
  6579 | D:9      | Reached skill level 5 in Shields
  6579 | D:9      | Reached skill level 5 in Unarmed Combat
  6579 | D:9      | Reached skill level 5 in Evocations
  6589 | D:9      | Upgraded the game from 0.23-a0-489-g205b0b6 to
                  | 0.23-a0-494-g91793a9
  6796 | D:10     | Entered Level 10 of the Dungeon
  6796 | D:10     | Noticed a centaur warrior
  6816 | D:10     | Killed a centaur warrior
  7229 | D:10     | Found Dunidd's Antique Weapon Shoppe.
  7238 | D:10     | Bought a twisted rapier for 225 gold pieces
  7238 | D:10     | Identified the +0 rapier of Distraction {pierce, *Drain
                  | +Fly rElec Int+5} (You bought it in a shop on level 10 of
                  | the Dungeon)
  7415 | D:10     | Bought a glowing great sword for 237 gold pieces
  7437 | D:11     | Noticed Snorg
  8037 | D:11     | Noticed a manticore
  8045 | D:11     | Noticed Gastronok
  8164 | D:11     | Found a staircase to the Lair.
  8222 | D:11     | Reached XP level 11. HP: 23/84 MP: 19/22
  8242 | D:11     | Reached **** piety under Wu Jian
  8252 | D:11     | HP: 4/84 [orc priest/divine providence (14)]
  8662 | D:11     | Noticed a red ugly thing
  8680 | D:11     | Mangled by a red ugly thing

Vault maps used:
D:1:      minmay_arrival_open_corners
D:2:      minmay_door_path, overflow_temple_1_default,
          nicolae_qazlal_general_emergency, uniq_crazy_yiuf_cottage
D:3:      gammafunk_temple_overflow_statue, uniq_grinder
D:5:      grunt_temple_overflow_open, lemuel_crystal_altar,
          minmay_temple_entry_sparse_star, serial_shops, shop, first_ration
D:6:      kennysheep_mini
D:7:      overflow_temple_1_default, uniq_prince_ribbit1
D:8:      minivault_19, uniq_maurice
D:9:      kennysheep_little_box, serial_shops, shop
D:10:     serial_shops, shop
D:11:     erik_lair_orcish_takeover, uniq_gastronok, uniq_snorg
Temple:   minmay_temple_curvy_loop

Skill      XL: |  1  2  3  4  5  6  7  8  9 10 11 |
---------------+----------------------------------+-----
Spellcasting   | 5 6 7 |  7.9
Invocations    | 1 2 3 4 5 6 |  6.5
Short Blades   | 1 2 3 4 5 6 |  6.0
Axes           | 1 2 3 4 5 6 |  6.0
Maces & Flails | 1 2 3 4 5 6 |  6.0
Polearms       | 1 2 3 4 5 6 |  6.0
Staves         | 1 2 3 4 5 6 |  6.0
Slings         | 1 2 3 4 5 6 |  6.0
Bows           | 1 2 3 4 5 6 |  6.0
Crossbows      | 1 2 3 4 5 6 |  6.0
Throwing       | 1 2 3 4 5 6 |  6.0
Stealth        | 1 2 3 4 5 6 |  6.0
Shields        | 1 2 3 4 5 6 |  6.0
Unarmed Combat | 1 2 3 4 5 6 |  6.0
Evocations     | 1 2 3 4 5 6 |  6.0
Conjurations   | 1 2 3 4 |  4.9
Hexes          | 1 2 3 4 |  4.9
Summonings     | 1 2 3 4 |  4.9
Necromancy     | 1 2 3 4 |  4.9
Translocations | 1 2 3 4 |  4.9
Transmutations | 1 2 3 4 |  4.9
Fire Magic     | 1 2 3 4 |  4.9
Ice Magic      | 1 2 3 4 |  4.9
Air Magic      | 1 2 3 4 |  4.9
Earth Magic    | 1 2 3 4 |  4.9
Poison Magic   | 1 2 3 4 |  4.9
Armour         | 3 4 5 6 |  6.6
Fighting       | 5 6 7 |  7.6
Long Blades    | 5 6 7 |  7.6
Dodging        | 5 6 7 |  7.6
Charms         | 6 7 |  7.5

Action                   |  1- 3 |  4- 6 |  7- 9 | 10-12 || total
-------------------------+-------+-------+-------+-------++-------
Melee: Falchion          |    79 |       |       |       ||    79
       Bite              |    11 |    14 |    51 |    42 ||   118
       Spear             |     5 |       |       |       ||     5
       Mace              |       |   111 |   410 |    99 ||   620
       Dagger            |       |    25 |    84 |     1 ||   110
       Quarterstaff      |       |     8 |       |       ||     8
       Punch             |       |       |    10 |     2 ||    12
       Scimitar          |       |       |       |    85 ||    85
       Great sword       |       |       |       |   115 ||   115
       Halberd           |       |       |       |     8 ||     8
       Rapier            |       |       |       |     8 ||     8
Throw: Stone             |     7 |     2 |     9 |       ||    18
       Tomahawk          |       |       |     4 |     4 ||     8
 Cast: Infusion          |     2 |     3 |     2 |     2 ||     9
       Spectral Weapon   |     2 |     1 |     4 |     2 ||     9
       Song of Slaying   |     1 |     3 |     4 |     1 ||     9
       Shroud of Golubri |       |     2 |     1 |     3 ||     6
       Regeneration      |       |     1 |     1 |     6 ||     8
       Bolt of Magma     |       |       |       |     6 ||     6
Invok: Lunge             |       |     5 |    22 |    13 ||    40
       Whirlwind         |       |       |   112 |   125 ||   237
 Abil: Wall Jump         |       |       |       |     2 ||     2
Evoke: Wand              |       |       |       |     4 ||     4
  Use: Scroll            |     2 |     3 |     4 |     8 ||    17
       Potion            |       |     1 |     1 |    10 ||    12
 Stab: Sleeping          |       |       |     2 |     2 ||     4
  Eat: Chunk             |       |     7 |     6 |       ||    13
       Ration            |       |       |     2 |     3 ||     5
Armor: Leather armour    |     3 |       |    26 |       ||    29
       Scale mail        |    35 |    86 |    87 |       ||   208
       Plate armour      |       |       |   110 |    36 ||   146
       Acid dragon scale |       |       |    37 |   115 ||   152
       Skin              |       |       |       |    31 ||    31
       Troll leather arm |       |       |       |     1 ||     1
Dodge: Dodged            |    61 |   119 |   255 |   208 ||   643
       Rpst.: Falchion   |    15 |       |       |       ||    15
       Great sword       |       |       |       |    24 ||    24
       Scimitar          |       |       |       |     8 ||     8

Table legend:
 A = Non-vault XP
 B = Vault XP
 C = Vault XP percentage of total XP
 D = Non-vault monster count
 E = Vault monster count
 F = Vault count percentage of total count
                 A         B        C        D         E       F
            +---------+---------+-------+---------+---------+-------
      Total |    9966 |    1351 |  11.9 |     221 |      13 |   5.6
            +---------+---------+-------+---------+---------+-------
        D:1 |      27 |       0 |   0.0 |      17 |       0 |   0.0
        D:2 |      59 |      43 |  42.2 |      17 |       3 |  15.0
        D:3 |     189 |       0 |   0.0 |      25 |       0 |   0.0
        D:4 |     424 |       0 |   0.0 |      16 |       0 |   0.0
        D:5 |     823 |       0 |   0.0 |      18 |       0 |   0.0
        D:6 |     920 |       0 |   0.0 |      19 |       0 |   0.0
        D:7 |     939 |     255 |  21.4 |      25 |       1 |   3.8
        D:8 |     760 |     462 |  37.8 |      28 |       1 |   3.4
        D:9 |     867 |       0 |   0.0 |      18 |       0 |   0.0
       D:10 |    2590 |       0 |   0.0 |      16 |       0 |   0.0
       D:11 |    2368 |     591 |  20.0 |      22 |       8 |  26.7
            +---------+---------+-------+---------+---------+-------
